 Dungeon Crawl Stone Soup version 0.30-a0-137-gd8773701ce (webtiles) character file.

Game seed: 15851783009633702607

28 funkygono the Cudgeller (level 3, 0/31 HPs)
             Began as a Meteoran Cinder Acolyte on Sept 22, 2022.
             Was a High Priest of Ignis.
             Slain by a hobgoblin (1 damage)
             ... on level 1 of the Dungeon.
             The game lasted 00:00:56 (489 turns).

funkygono the Cudgeller (Meteoran Cinder Acolyte)    Turns: 489, Time: 00:00:56

Health: 0/31       AC:  2    Str: 15    XL:     3   Next: 50%
Magic:  6/6        EV: 11    Int: 18    God:    Ignis [*****.]
Gold:   41         SH:  0    Dex:  9    Spells: 2/4 levels left

rFire   + . .      SeeInvis .    a - -1 mace (flame)
rCold   . . .      Faith    .    (no shield)
rNeg    . . .      Spirit   .    b - +0 robe
rPois   .          Reflect  .    (no helmet)
rElec   .          Harm     .    (no cloak)
rCorr   .          Rampage  .    (no gloves)
Will    .....                    (no boots)
Stlth   +.........               (no amulet)
HPRegen 0.10/turn                (no ring)
MPRegen 0.10/turn                (no ring)

@: glowing
A: sense surroundings 1, otherworldly, glowing, explore regen
a: Renounce Religion, Fiery Armour, Foxfire Swarm, Rising Flame


You were on level 1 of the Dungeon.
You worshipped Ignis.
Ignis was extremely pleased with you.
You visited 1 branch of the dungeon, and saw 1 of its levels.

You collected 41 gold pieces.

Inventory:

Hand Weapons
 a - a -1 mace of flaming (weapon)
 e - a +1 dagger of holy wrath
Armour
 b - a +0 robe (worn)
Scrolls
 c - a scroll of torment {unknown}
 d - 3 scrolls of teleportation {unknown}
 h - a scroll of amnesia {unknown}
Potions
 f - a potion of curing {unknown}
 g - a potion of lignification {unknown}


   Skills:
 + Level 3.5 Fighting
 + Level 5.0 Maces & Flails
 + Level 0.1 Dodging
 + Level 1.3 Spellcasting
 + Level 4.0 Fire Magic


You had 2 spell levels left.
You knew the following spells:

 Your Spells              Type           Power      Damage    Failure   Level
a - Scorch                Fire           30%        2d6       5%          2

Your spell library contained the following spells:

 Spells                   Type           Power      Damage    Failure   Level
 Fireball                 Conj/Fire      4%         3d4       93%         5
 Starburst                Conj/Fire      4%         6d3       100%        6
 Ignition                 Fire           7%         3d5       100%        8


Dungeon Overview and Level Annotations

Branches:
Dungeon (1/15) Zot: 102

Altars:


Innate Abilities, Weirdness & Mutations

You passively map a small area around you.
You are easily found by Zot.
You glow in the dark.
You regain HP and MP as you explore.


Message History

You barely miss the kobold. The kobold hits you with a +0 whip.
You miss the kobold. The kobold barely misses you.
A hobgoblin comes into view.
You barely miss the kobold.
The hobgoblin shouts!
The kobold closely misses you.
You closely miss the kobold. The kobold hits you with a +0 whip. x2
You closely miss the kobold. The kobold hits you with a +0 whip.
The hobgoblin hits you.
You hit the kobold. You burn the kobold.
You kill the kobold!
The hobgoblin hits you.
* * * LOW HITPOINT WARNING * * *
The hobgoblin hits you.
* * * LOW HITPOINT WARNING * * *
Things that are here:
a +0 whip; 4 stones You hit the hobgoblin.
You burn the hobgoblin.
The hobgoblin is almost dead.
The hobgoblin barely misses you.
You barely miss the hobgoblin.
The hobgoblin is almost dead.
The hobgoblin barely misses you.
You barely miss the hobgoblin.
The hobgoblin is almost dead.
The hobgoblin hits you.
* * * LOW HITPOINT WARNING * * *
You hit the hobgoblin but do no damage.
The hobgoblin is almost dead.
The hobgoblin hits you.
* * * LOW HITPOINT WARNING * * *
You closely miss the hobgoblin.
The hobgoblin is almost dead.
The hobgoblin hits you.
* * * LOW HITPOINT WARNING * * *
The hobgoblin closely misses you.
You completely miss the hobgoblin.
The hobgoblin is severely wounded.
The hobgoblin hits you.
You die...

#.#.., #.#
#....
#.### ,
*... #...#
#.# * *
... #....
#.# ,
......#..
* *#.# * #
######.. ,
#.#####.#
* +.. ,,
#.......#
* #.. ,,
#.....###
+* #.. ,
#@g...#* ,
, #..
*#.....+,+
, #.. *,
*#.....# ,
*#.. * ,
,,......#
### * ,
......# ,
*
,.......#
...#####**
, ....# ,
*


You could see a hobgoblin.

Vanquished Creatures
  A gnoll (D:1)
  A dart slug (D:1)
  3 ball pythons (D:1)
  An endoplasm (D:1)
  4 goblins (D:1)
  2 kobolds (D:1)
  A quokka (D:1)
  A bat (D:1)
14 creatures vanquished.

Notes
Turn   | Place    | Note
-------+----------+-------------------------------------------
     0 | D:1      | funkygono the Meteoran Cinder Acolyte began the quest for
                  | the Orb.
     0 | D:1      | Reached XP level 1. HP: 19/19 MP: 3/3
    76 | D:1      | Reached XP level 2. HP: 5/26 MP: 5/5
    83 | D:1      | Learned a level 2 spell: Scorch
   125 | D:1      | Reached XP level 3. HP: 22/31 MP: 6/6
   334 | D:1      | Found a faded altar of an unknown god.
   415 | D:1      | Reached skill level 5 in Maces & Flails
   488 | D:1      | HP: 1/31 [hobgoblin (1)]
   489 | D:1      | Slain by a hobgoblin

Illustrated notes

Levels and vault maps discovered:
D:1:      roderic_crossed_star, layout_basic,
          chequers_ecumenical_altar_simple_redux, minmay_strange_pillars

Skill      XL: |  1  2  3 |
---------------+----------+-----
Fire Magic     | 4 |  4.0
Maces & Flails | 5 |  5.0
Fighting       | |  3.5
Dodging        | |  0.1
Spellcasting   | |  1.3

Action                   || total
-------------------------++-------
Melee: Mace              ||    42
       Punch             ||     1
 Cast: Scorch            ||     1
Invok: Fiery Armour      ||     2
Armor: Robe              ||    15
Dodge: Dodged            ||    25

Table legend: (Time is in decaauts)
 A = Elapsed time spent in this place.
 B = Non-inter-level travel time spent in this place.
 C = Inter-level travel time spent in this place.
 D = Time resting spent in this place.
 E = Time spent auto-exploring this place.
 F = Levels seen in this place.
 G = Mean time per level.
                   A        B        C        D        E       F      G
               +--------+--------+--------+--------+--------+-----+--------+
         Total |    496 |    496 |      0 |      0 |    394 |   1 |  496.0 |
       Dungeon |    496 |    496 |      0 |      0 |    394 |   1 |  496.0 |
               +--------+--------+--------+--------+--------+-----+--------+

Top non-repeatable levels by time:
     D:1: 496 daAuts
